 Dungeon Sprint DCSS version 0.22-a0-565-gfc6459a (webtiles) character file.

96 galech the Ruffian (level 4, -2/49 HPs)
             Began as a Troll Monk on June 28, 2018.
             Drowned by a water elemental (6 damage)
             ... in the Dungeon (Sprint III: "The Ten Rune Challenge").
             The game lasted 00:00:32 (130 turns).

galech the Ruffian (Troll Monk)                      Turns: 130, Time: 00:00:32

Health: -2/49      AC:  5    Str: 20    XL:     4   Next: 41%
Magic:  3/3        EV: 12    Int:  6    God:
Gold:   26         SH:  0    Dex: 12    Spells: 3/3 levels left

rFire    . . .     SeeInvis .     - Unarmed
rCold    . . .     Gourm    +   (no shield)
rNeg     . . .     Faith    .   a - +0 robe
rPois    .         Spirit   .   (helmet restricted)
rElec    .         Reflect  .   (no cloak)
rCorr    .         Harm     .   (gloves unavailable)
MR       .....     NoTele   +   (boots unavailable)
Stlth    ++........             (no amulet)
HPRegen  0.56/turn              (no ring)
MPRegen  0.08/turn              (no ring)

@: engulfed (cannot breathe)
A: large, unfitting armour, claws 3, fast metabolism 3, gourmand, regeneration
1, shaggy fur 1, tough skin 2
a: no special abilities


You were in the Dungeon.
You were full.

You visited 1 branch You collected 26 gold pieces.

Inventory:

Armour
 a - a +0 robe (worn)
Scrolls
 h - a scroll of blinking
 k - a scroll of torment {unknown}
 l - a scroll of immolation {unknown}
 m - a scroll of magic mapping {unknown}
 n - 2 scrolls of holy word {unknown}
 o - a scroll of identify {unknown}
 p - a scroll of enchant armour {unknown}
Potions
 c - a potion of curing
 d - 3 potions of heal wounds
 e - a potion of haste
 f - 2 potions of magic
 g - a potion of berserk rage
 i - 5 potions of flight
 j - 3 potions of mutation {unknown}
Comestibles
 b - 4 rations


   Skills:
 + Level 4.6 Fighting
 + Level 4.6 Dodging
 + Level 1.4 Stealth
 + Level 6.0 Unarmed Combat


You had 3 spell levels left.
You didn't know any spells.
Your spell library was empty.

Dungeon Overview and Level Annotations

Branches:
Dungeon (1/1)

Altars:


Innate Abilities, Weirdness & Mutations

You are too large for most types of armour.
You have claws for hands.
Your metabolism is lightning-fast.
You like to eat raw meat.
Your natural rate of healing is unusually fast.
You are covered in fur. (AC +1)
You have very tough skin. (AC +2)


Message History

You are too injured to fight recklessly!
You are too injured to fight recklessly!
You are too injured to fight recklessly!
You are too injured to fight recklessly!
You are too injured to fight recklessly!
You are too injured to fight recklessly!
You are too injured to fight recklessly!
You are too injured to fight recklessly!
You barely miss the water elemental.
The water elemental is moderately damaged.
Your lungs strain for air!
You scratch the water elemental but do no damage.
The water elemental is moderately damaged.
* * * LOW HITPOINT WARNING * * *
Your lungs strain for air!
The water elemental hits you!
* * * LOW HITPOINT WARNING * * *
You scratch the water elemental but do no damage.
The water elemental is moderately damaged.
You die...

▓▓▓▓▓▓▓▓▓▓▓ ▓▓▓
.#..'.....♣ ♣.#
.#..#.....♣ ♣♣.#
'####.....♣♣ ♣..#
....#....≈.♣♣♣..###+#+##
....#†..≈≈♣♣....#.......
....#..≈≈≈≈.....@.⌠.....
###[#..≈≈≈≈≈≈...#E..####
....#.≈≈≈≈≈≈....#.⌠.#
....#.≈≈≈≈≈.....#...#
....#.≈≈≈.......#+###
#####...........#
..÷.............#
▓▓▓▓▓▓▓▓▓▓▓▓▓▓▓▓▓


You could see a water elemental.

Vanquished Creatures
  A scorpion (D)
  Jessica (D)
  A human (D)
  3 rats (D)
6 creatures vanquished.

Vanquished Creatures (others)
  2 hellions (D)
  A yaktaur (D)
3 creatures vanquished.

Grand Total: 9 creatures vanquished

Notes
Turn   | Place    | Note
-------+----------+-------------------------------------------
     0 | D        | galech the Troll Monk began the quest for the Orb.
     0 | D        | Reached XP level 1. HP: 22/22 MP: 0/0
     9 | D        | Noticed Jessica
    18 | D        | Killed Jessica
    18 | D        | Reached skill level 4 in Unarmed Combat
    18 | D        | Reached XP level 2. HP: 29/31 MP: 1/1
    58 | D        | Reached skill level 5 in Unarmed Combat
    58 | D        | Reached XP level 3. HP: 30/39 MP: 2/2
    76 | D        | Killed a yaktaur
    78 | D        | Noticed a scorpion
    85 | D        | Killed a scorpion
    85 | D        | Reached skill level 6 in Unarmed Combat
    85 | D        | Reached XP level 4. HP: 41/49 MP: 3/3
    91 | D        | Killed a hellion
    91 | D        | Killed a hellion
   123 | D        | Noticed a water elemental
   130 | D        | Drowned by a water elemental

Vault maps used:
D:        dungeon_sprint_mu

Skill      XL: |  1  2  3 |
---------------+----------+-----
Fighting       | 3 4 |  4.6
Dodging        | 3 4 |  4.6
Unarmed Combat | 4 5 6 |  6.0
Stealth        | |  1.4

Action                   |  1- 3 |  4- 6 || total
-------------------------+-------+-------++-------
Melee: Unarmed           |    21 |     6 ||    27
  Eat: Chunk             |     3 |       ||     3
Armor: Robe              |     5 |       ||     5
Dodge: Dodged            |     5 |     2 ||     7

Table legend:
 A = Spawn XP
 B = Non-spawn XP
 C = Spawn XP percentage of total XP
 D = Spawn monster count
 E = Non-spawn monster count
 F = Spawn count percentage of total count
 G = Total turns spent on level
                    A         B        C        D         E        F      G
               +---------+---------+-------+---------+---------+-------+---------
         Total |       0 |     138 |   0.0 |       0 |       6 |   0.0 |   130
               +---------+---------+-------+---------+---------+-------+---------
             D |       0 |     138 |   0.0 |       0 |       6 |   0.0 |   130
               +---------+---------+-------+---------+---------+-------+---------
